SNL (28 & UNDER)
BLACKIRON DRAGONS @ SANTA FE DIABLOS
08/23/2028
 
TOP OF THE 1ST
BlackIron Dragons batting - Pitching for Santa Fe Diablos : LHP Dan O'Brien
Pitching: LHP Dan O'Brien
Batting: SHB Júlio Macías 0-0: Ball
1-0: Foul Ball, location: 2F
1-1: Called Strike
1-2: Foul Ball, location: 2F
1-2: Strikes out swinging
Batting: LHB Miguel García 0-0: Called Strike
0-1: Fly out, F9 (Line Drive, 9S)
Batting: RHB Brady McIntyre 0-0: Foul Ball, location: 2F
0-1: Ball
1-1: Ground out 5-3 (Groundball, 56)
Top of the 1st over - 0 run(s), 0 hit(s), 0 error(s), 0 left on base; BlackIron 0 - Santa Fe 0
BOTTOM OF THE 1ST
Santa Fe Diablos batting - Pitching for BlackIron Dragons : LHP Leonard Horton
Pitching: LHP Leonard Horton
Batting: SHB Ángel Díaz 0-0: Ball
1-0: Ground out 6-3 (Groundball, 6)
Batting: RHB Mike Martin 0-0: Ball
1-0: Ball
2-0: Foul Ball, location: 2F
2-1: Called Strike
2-2: Ball
3-2: Foul Ball, location: 2F
3-2: Ground out 6-3 (Groundball, 6)
Batting: LHB David Hernández 0-0: Swinging Strike
0-1: Foul Ball, location: 2F
0-2: Foul Ball, location: 2F
0-2: Ball
1-2: SINGLE (Groundball, 3S) (infield hit)
Batting: RHB Frank Martínez 0-0: Ball
1-0: Ball
2-0: Called Strike
2-1: Ball
3-1: Base on Balls
David Hernández to second
Batting: LHB John Bond 0-0: Called Strike
0-1: Ball
1-1: Foul Ball, location: 2F
1-2: Ball
2-2: Ball
3-2: DOUBLE (Line Drive, 9LM)
David Hernández scores
Frank Martínez to third
Frank Martínez scores
Batting: LHB Arturo Rodledo 0-0: Ball
1-0: Fly out, F8 (Flyball, 8LXD)
Bottom of the 1st over - 2 run(s), 2 hit(s), 0 error(s), 1 left on base; BlackIron 0 - Santa Fe 2
TOP OF THE 2ND
BlackIron Dragons batting - Pitching for Santa Fe Diablos : LHP Dan O'Brien
Batting: RHB Vernon Sterling 0-0: Ball
1-0: Swinging Strike
1-1: Ball
2-1: Swinging Strike
2-2: Foul Ball, location: 2F
2-2: Ball
3-2: Base on Balls
Batting: LHB Milo Glenn 0-0: Fly out, F7 (Flyball, 7S)
Batting: LHB Manuel Cardenas 0-0: Called Strike
0-1: Foul Ball, location: 2F
0-2: Strikes out swinging
Batting: RHB Alexander Barr 0-0: Ball
1-0: Ball
2-0: Called Strike
2-1: Ball
3-1: Fly out, F9 (Flyball, 9)
Top of the 2nd over - 0 run(s), 0 hit(s), 0 error(s), 1 left on base; BlackIron 0 - Santa Fe 2
BOTTOM OF THE 2ND
Santa Fe Diablos batting - Pitching for BlackIron Dragons : LHP Leonard Horton
Batting: LHB Juan Torres 0-0: Called Strike
0-1: Called Strike
0-2: Ball
1-2: Ground out 3-1 (Groundball, 34)
Batting: RHB Eliot James 0-0: Foul Ball, location: 2F
0-1: Ball
1-1: Swinging Strike
1-2: Ball
2-2: Ball
3-2: Base on Balls
Batting: RHB Keith Jones 0-0: Ball
1-0: Ball
2-0: Called Strike
2-1: Foul Ball, location: 2F
2-2: Strikes out looking
Batting: SHB Ángel Díaz 0-0: Called Strike
0-1: Ball
1-1: Foul Ball, location: 2F
1-2: Foul Ball, location: 2F
1-2: Ball
2-2: Ball
3-2: Ground out 4-3 (Groundball, 34)
Bottom of the 2nd over - 0 run(s), 0 hit(s), 0 error(s), 1 left on base; BlackIron 0 - Santa Fe 2
TOP OF THE 3RD
BlackIron Dragons batting - Pitching for Santa Fe Diablos : LHP Dan O'Brien
Batting: RHB Bernardo Corona 0-0: Swinging Strike
0-1: SINGLE (Line Drive, 56D)
Batting: RHB Luis Méndez 0-0: Ball
1-0: Ball
2-0: Ball
3-0: Called Strike
3-1: Base on Balls
Bernardo Corona to second
Batting: SHB Júlio Macías 0-0: Called Strike
0-1: Ball
1-1: Ball
2-1: Foul Ball, location: 2F
2-2: Strikes out swinging
Batting: LHB Miguel García 0-0: Hit by Pitch
Bernardo Corona to third
Luis Méndez to second
Batting: RHB Brady McIntyre 0-0: Ball
1-0: Grounds into double play, 5-4-3 (Groundball, 5)
Top of the 3rd over - 0 run(s), 1 hit(s), 0 error(s), 2 left on base; BlackIron 0 - Santa Fe 2
BOTTOM OF THE 3RD
Santa Fe Diablos batting - Pitching for BlackIron Dragons : LHP Leonard Horton
Batting: RHB Mike Martin 0-0: Ball
1-0: Called Strike
1-1: SINGLE (Groundball, 56D)
Batting: LHB David Hernández 0-0: Ball
1-0: Called Strike
1-1: Called Strike
1-2: Fly out, F7 (Flyball, 78M)
Batting: RHB Frank Martínez 0-0: Ball
1-0: Ball
2-0: Ball
3-0: Called Strike
3-1: SINGLE (Flyball, 9LS)
Mike Martin to second
Runner from 2nd tries for 3rd, SAFE, throw made to third
Batting: LHB John Bond 0-0: Ball
1-0: Foul Ball, location: 2F
1-1: Called Strike
1-2: Ball
2-2: Foul Ball, location: 2F
2-2: Foul Ball, location: 2F
2-2: Foul Ball, location: 2F
2-2: Ball
3-2: Grounds into double play, 6-4-3 (Groundball, 6M)
Bottom of the 3rd over - 0 run(s), 2 hit(s), 0 error(s), 1 left on base; BlackIron 0 - Santa Fe 2
TOP OF THE 4TH
BlackIron Dragons batting - Pitching for Santa Fe Diablos : LHP Dan O'Brien
Batting: RHB Vernon Sterling 0-0: Ball
1-0: Ball
2-0: Ball
3-0: Called Strike
3-1: Called Strike
3-2: Foul Ball, location: 2F
3-2: Foul Ball, location: 2F
3-2: Foul Ball, location: 2F
3-2: SINGLE (Flyball, 8RS)
Batting: LHB Milo Glenn 0-0: Ball
1-0: Called Strike
1-1: Foul Ball, location: 2F
1-2: SINGLE (Groundball, 4MD)
Vernon Sterling to second
Batting: LHB Manuel Cardenas 0-0: Fly out, F3 (Line Drive, 34)
Lined into DP, U3 (Line Drive, 34)
Batting: RHB Alexander Barr 0-0: Ground out 6-3 (Groundball, 56)
Top of the 4th over - 0 run(s), 2 hit(s), 0 error(s), 1 left on base; BlackIron 0 - Santa Fe 2
BOTTOM OF THE 4TH
Santa Fe Diablos batting - Pitching for BlackIron Dragons : LHP Leonard Horton
Batting: LHB Arturo Rodledo 0-0: Ball
1-0: Foul Ball, location: 2F
1-1: Foul Ball, location: 2F
1-2: Ground out 4-3 (Groundball, 4)
Batting: LHB Juan Torres 0-0: Foul Ball, location: 2F
0-1: Ball
1-1: Foul Ball, location: 2F
1-2: Strikes out looking
Batting: RHB Eliot James 0-0: Ball
1-0: Foul Ball, location: 2F
1-1: Ball
2-1: Ball
3-1: Foul Ball, location: 2F
3-2: Ground out 1-3 (Groundball, 13)
Bottom of the 4th over - 0 run(s), 0 hit(s), 0 error(s), 0 left on base; BlackIron 0 - Santa Fe 2
TOP OF THE 5TH
BlackIron Dragons batting - Pitching for Santa Fe Diablos : LHP Dan O'Brien
Batting: RHB Bernardo Corona 0-0: Swinging Strike
0-1: Foul Ball, location: 2F
0-2: Strikes out looking
Batting: RHB Luis Méndez 0-0: Ball
1-0: Ball
2-0: Ground out 1-3 (Groundball, P)
Batting: SHB Júlio Macías 0-0: Called Strike
0-1: Ball
1-1: Foul Ball, location: 2F
1-2: Ball
2-2: Foul Ball, location: 2F
2-2: SINGLE (Line Drive, 7LS)
Batting: LHB Miguel García 0-0: Ball
1-0: Ball
2-0: Called Strike
2-1: Foul Ball, location: 2F
2-2: Strikes out swinging
Top of the 5th over - 0 run(s), 1 hit(s), 0 error(s), 1 left on base; BlackIron 0 - Santa Fe 2
BOTTOM OF THE 5TH
Santa Fe Diablos batting - Pitching for BlackIron Dragons : LHP Leonard Horton
Batting: RHB Keith Jones 0-0: Called Strike
0-1: Fly out, F4 (Line Drive, 4)
Batting: SHB Ángel Díaz 0-0: Ball
1-0: SINGLE (Groundball, 6MD)
Batting: RHB Mike Martin 0-0: Ball
1-0: Called Strike
1-1: SINGLE (Flyball, 9LS)
Ángel Díaz to second
Runner from 2nd tries for 3rd, SAFE, no throw
Batting: LHB David Hernández 0-0: Ball
1-0: Foul Ball, location: 2F
1-1: Called Strike
1-2: Ball
2-2: Foul Ball, location: 2F
2-2: Foul Ball, location: 2F
2-2: Foul Ball, location: 2F
2-2: Hit by Pitch
Mike Martin to second
Pitching: RHP Johnathan McJannett
Batting: RHB Frank Martínez 0-0: Called Strike
0-1: Ball
1-1: Ball
2-1: Grounds into fielders choice 6-2 (Groundball, 6)
Mike Martin to third
David Hernández to second
Batting: LHB John Bond 0-0: Ball
1-0: Ball
2-0: Called Strike
2-1: Ball
3-1: Called Strike
3-2: Foul Ball, location: 2F
3-2: Base on Balls
Mike Martin scores
David Hernández to third
Frank Martínez to second
Batting: LHB Arturo Rodledo 0-0: Called Strike
0-1: Swinging Strike
0-2: Foul Ball, location: 2F
0-2: Strikes out swinging
Bottom of the 5th over - 1 run(s), 2 hit(s), 0 error(s), 3 left on base; BlackIron 0 - Santa Fe 3
TOP OF THE 6TH
BlackIron Dragons batting - Pitching for Santa Fe Diablos : LHP Dan O'Brien
Batting: RHB Brady McIntyre 0-0: Called Strike
0-1: Foul Ball, location: 2F
0-2: Ball
1-2: Strikes out swinging
Batting: RHB Vernon Sterling 0-0: Ball
1-0: Ground out 4-3 (Groundball, 4MD)
Batting: LHB Milo Glenn 0-0: Foul Ball, location: 2F
0-1: Called Strike
0-2: Ball
1-2: Ground out 4-3 (Groundball, 4)
Top of the 6th over - 0 run(s), 0 hit(s), 0 error(s), 0 left on base; BlackIron 0 - Santa Fe 3
BOTTOM OF THE 6TH
Santa Fe Diablos batting - Pitching for BlackIron Dragons : RHP Johnathan McJannett
Batting: LHB Juan Torres 0-0: Ball
1-0: Called Strike
1-1: Ball
2-1: Ball
3-1: Called Strike
3-2: Fly out, F8 (Flyball, 8LM)
Batting: RHB Eliot James 0-0: SINGLE (Flyball, 89S) - OUT at second base trying to stretch hit.
Batting: RHB Keith Jones 0-0: Called Strike
0-1: Called Strike
0-2: Foul Ball, location: 2F
0-2: Ball
1-2: Foul Ball, location: 2F
1-2: Foul Ball, location: 2F
1-2: Ball
2-2: DOUBLE (Line Drive, 7LM)
Batting: SHB Ángel Díaz 0-0: Ball
1-0: Ball
2-0: Called Strike
2-1: Ball
3-1: Base on Balls
Batting: RHB Mike Martin 0-0: Called Strike
0-1: Ball
1-1: Ball
2-1: Swinging Strike
2-2: Foul Ball, location: 2F
2-2: Strikes out swinging
Bottom of the 6th over - 0 run(s), 2 hit(s), 0 error(s), 2 left on base; BlackIron 0 - Santa Fe 3
TOP OF THE 7TH
BlackIron Dragons batting - Pitching for Santa Fe Diablos : LHP Dan O'Brien
Batting: LHB Manuel Cardenas 0-0: Ball
1-0: Foul Ball, location: 2F
1-1: Foul Ball, location: 2F
1-2: Foul Ball, location: 2F
1-2: Ball
2-2: Foul Ball, location: 2F
2-2: Fly out, F8 (Flyball, 78XD)
Batting: RHB Alexander Barr 0-0: Ball
1-0: Swinging Strike
1-1: Foul Ball, location: 2F
1-2: Ball
2-2: Foul Ball, location: 2F
2-2: Ball
3-2: Base on Balls
Pitching: RHP Tomás Marte
Batting: RHB Bernardo Corona 0-0: Ball
1-0: Fly out, F8 (Flyball, 8RS)
Batting: RHB Luis Méndez 0-0: Ball
1-0: Swinging Strike
1-1: Foul Ball, location: 2F
1-2: Ball
2-2: Fly out, F8 (Flyball, 89M)
Top of the 7th over - 0 run(s), 0 hit(s), 0 error(s), 1 left on base; BlackIron 0 - Santa Fe 3
BOTTOM OF THE 7TH
Santa Fe Diablos batting - Pitching for BlackIron Dragons : RHP Johnathan McJannett
Batting: LHB David Hernández 0-0: Ball
1-0: Ground out U3 (Groundball, 34S)
Batting: RHB Frank Martínez 0-0: Ground out 4-3 (Groundball, 34D)
Batting: LHB John Bond 0-0: Ball
1-0: Foul Ball, location: 2F
1-1: Ball
2-1: Swinging Strike
2-2: Foul Ball, location: 2F
2-2: Foul Ball, location: 2F
2-2: Fly out, F9 (Flyball, 9S)
Bottom of the 7th over - 0 run(s), 0 hit(s), 0 error(s), 0 left on base; BlackIron 0 - Santa Fe 3
TOP OF THE 8TH
BlackIron Dragons batting - Pitching for Santa Fe Diablos : RHP Tomás Marte
Batting: SHB Júlio Macías 0-0: Ball
1-0: Called Strike
1-1: Ball
2-1: Foul Ball, location: 2F
2-2: Ball
3-2: Base on Balls
Pitching: RHP Manuel Zarate
Batting: LHB Miguel García 0-0: Ball
1-0: Called Strike
1-1: Ball
2-1: Foul Ball, location: 2F
2-2: Foul Ball, location: 2F
2-2: Strikes out swinging
Batting: RHB Brady McIntyre 0-0: Ball
1-0: Ball
2-0: Called Strike
2-1: Ball
3-1: Called Strike
3-2: Fly out, F7 (Flyball, 7)
Batting: RHB Vernon Sterling 0-0: Called Strike
0-1: Ball
1-1: Ball
2-1: Ball
3-1: SINGLE (Groundball, 34D)
Júlio Macías to second
Runner from 2nd tries for 3rd, SAFE, throw made to third
Batting: LHB Milo Glenn 0-0: Called Strike
0-1: Ball
1-1: Called Strike
1-2: Strikes out looking
Top of the 8th over - 0 run(s), 1 hit(s), 0 error(s), 2 left on base; BlackIron 0 - Santa Fe 3
BOTTOM OF THE 8TH
Santa Fe Diablos batting - Pitching for BlackIron Dragons : RHP Johnathan McJannett
Batting: LHB Arturo Rodledo 0-0: Foul Ball, location: 2F
0-1: Ball
1-1: Swinging Strike
1-2: SOLO HOME RUN (Flyball, 8LXD), Distance : 415 ft
Pitching: LHP Nick Walters
Batting: LHB Juan Torres 0-0: Ball
1-0: Ball
2-0: Ball
3-0: Base on Balls
Batting: RHB Eliot James 0-0: Foul Ball, location: 2F
0-1: Grounds into double play, 6-4-3 (Groundball, 56)
Batting: RHB Keith Jones 0-0: Foul Ball, location: 2F
0-1: Hit by Pitch
Batting: SHB Ángel Díaz 0-0: Called Strike
0-1: Swinging Strike
0-2: Foul Ball, location: 2F
0-2: Strikes out looking
Bottom of the 8th over - 1 run(s), 1 hit(s), 0 error(s), 1 left on base; BlackIron 0 - Santa Fe 4
TOP OF THE 9TH
BlackIron Dragons batting - Pitching for Santa Fe Diablos : RHP Manuel Zarate
Batting: LHB Manuel Cardenas 0-0: Ball
1-0: Ball
2-0: Called Strike
2-1: Foul Ball, location: 2F
2-2: Fly out, F4 (Popup, 4S)
Batting: RHB Alexander Barr 0-0: Ball
1-0: Foul Ball, location: 2F
1-1: Foul Ball, location: 2F
1-2: Strikes out swinging
Batting: RHB Bernardo Corona 0-0: SINGLE (Line Drive, 6M)
Batting: RHB Luis Méndez 0-0: Swinging Strike
0-1: Foul Ball, location: 2F
0-2: Ball
1-2: Strikes out looking
Top of the 9th over - 0 run(s), 1 hit(s), 0 error(s), 1 left on base; BlackIron 0 - Santa Fe 4
Tuesday, August 8th, 2017 - OOTP Baseball 17.12 Build 75